 Dungeon Crawl Stone Soup version 0.31.0-1-g2c135a008e (webtiles) character file.

Game seed: 11537342771457335407

7952 qw the Skirmisher (level 11, -3/81 HPs)
             Began as a Djinni Hunter on Jan 23, 2024.
             Was a High Priest of Okawaru.
             Slain by an unseen horror (9 damage)
             ... on level 9 of the Dungeon.
             The game lasted 00:01:05 (8615 turns).

qw the Skirmisher (Djinni Hunter)                   Turns: 8615, Time: 00:01:05

Health: -3/81      AC:  8    Str:  8    XL:     11   Next: 46%
Gold:   523        EV: 17    Int: 22    God:    Okawaru [*****.] SH:  4 Dex: 21

rFire   + + +        m - +1 orcbow
rCold   x . .        (shield currently unavailable)
rNeg    + . .        g - +3 leather armour "Seygeiv" {Int+3 Slay+3}
rPois   inf          (helmet restricted)
rElec   .            j - +0 cloak
rCorr   .            p - +0 pair of gloves of Distant Worlds {Rampage Str-2 Int+8}
SInv    .            (boots unavailable)
Will    +....        (no amulet)
Stlth   ++           l - ring of protection from fire
HPRegen 0.33/turn    a - ring of positive energy
MPRegen 0.00/turn

%: rampage, infuse magic (-4 HP)
@: flying
A: sickness immunity, fire resistance 2, cold vulnerability 1, float, innate
caster, HP casting, extra vitality 1, antennae 1, large bone plates 1
a: Renounce Religion, Heroism, Finesse, Duel


You were on level 9 of the Dungeon.
You worshipped Okawaru.
Okawaru was extremely pleased with you.
You visited 2 branches of the dungeon, and saw 11 of its levels.

You collected 523 gold pieces.


Innate Abilities, Weirdness & Mutations

You are immune to sickness and miasma.
You are immune to poison.
Your flesh is very heat resistant. (rF++)
You are vulnerable to cold. (rC-)
You float through the air rather than walking.
You learn spells naturally, not from books.
Your magical power is your life essence.
You have superior vitality. (+4 MHP)
You have a pair of small antennae on your head.
You are partially covered in large bone plates. (SH +4)


   Skills:
 - Level 8.0 Fighting
 + Level 10.1 Ranged Weapons
 - Level 2.1 Armour
 - Level 8.0 Dodging
 - Level 0.7 Stealth
 + Level 7.0 Invocations


You knew the following spells:

 Your Spells              Type           Power      Damage    Failure   Level
a - Foxfire               Conj/Fire      0%         2x1d4     24%         1
b - Searing Ray           Conj           0%         2d4       34%         2
c - Teleport Other        Tloc           0%         N/A       56%         3
d - Inner Flame           Hex/Fire       0%         N/A       56%         3
e - Brom's Barrelling Bo  Conj/Erth      0%         2d3       93%         4
Your spell library was empty.

Inventory:

Hand Weapons
 m - a +1 orcbow (weapon)
Armour
 g - the +3 leather armour "Seygeiv" (worn) {Int+3 Slay+3}
   (You found it on level 5 of the Dungeon)

   Int+3:     It affects your intelligence (+3).
   Slay+3:    It affects your accuracy & damage with ranged weapons and melee
   (+3).
 j - a +0 cloak (worn)
 p - the +0 pair of gloves of Distant Worlds (worn) {Rampage Str-2 Int+8}
   (You found it on level 8 of the Dungeon)

   Str-2:     It affects your strength (-2).
   Int+8:     It affects your intelligence (+8).
   Rampage:   It bestows one free step when moving towards enemies.
Jewellery
 a - a ring of positive energy (right hand)
 l - a ring of protection from fire (left hand)
 n - a ring of protection from fire
Wands
 k - a wand of polymorph (13)
 o - a wand of paralysis (15)
Potions
 b - a potion of might
 f - a potion of cancellation
 h - a potion of enlightenment
 i - a potion of attraction {unknown}

Dungeon Overview and Level Annotations

Branches:
Dungeon (10/15)            Temple (1/1) D:5             Orc (0/2) D:9
   Lair: D:8-11

Altars:
Ashenzari
Cheibriados
Dithmenos
Elyvilon
Fedhas
Gozag
Hepliaklqana
Makhleb
Nemelex Xobeh
Okawaru
Qazlal
Ru
Trog
Uskayaw
Wu Jian
Xom
Yredelemnul
Zin
The Shining One

Portals:
Abyss: D:1***


Message History

The bullfrog completely misses you.
You shoot an arrow. The arrow hits the bullfrog!!
You kill the bullfrog!
Okawaru accepts your kill. Something hits you! Something hits you.
8592 ||| FLEEEEING.
Something hits you!
8593 ||| FLEEEEING.
You block something's attack. Something hits you but does no damage.
8594 ||| FLEEEEING.
8595 ||| FLEEEEING.
Something hits you but does no damage.
There is an open door here.
8596 ||| FLEEEEING.
8597 ||| FLEEEEING.
Something hits you!
8598 ||| FLEEEEING.
8599 ||| FLEEEEING.
8600 ||| FLEEEEING.
Something hits you.
8601 ||| FLEEEEING.
8602 ||| FLEEEEING.
Something hits you. Something hits you but does no damage.
There is an open door here.
8603 ||| FLEEEEING.
Something hits you but does no damage. Something closely misses you.
Something barely misses you. Something hits you but does no damage.
8609 ||| FLEEEEING.
Something hits you but does no damage.
8610 ||| FLEEEEING.
Something hits you but does no damage.
There is a stone staircase leading up here.
8613 ||| STAIRDANCE Something hits you but does no damage.
You fly upwards.
Reactivating autopickup.
There is a stone staircase leading down here.
Something hits you!
You die...

###...###..#.# #...########
......#.#.#..# #...#
.#..#.#...##.# #...#
)....#.#..##.# #...#
>.#..#.##.##.#####...#
.#..#...#.##.........#######
[[#..##.####...............#
)[.#..#...##<........#######
.#.#..#..###..##@##..#
.#...##.#.##..#.>{#..#
.##.##..####..#...#..#
...#..#...##..#...#..#
.####....###..#...#..# .#
#..#..# #..#...#..# ##
#####.###..#...#.)#
#########[##..#...#..#
.........))...#####..#


There were no monsters in sight!

Vanquished Creatures
  A rakshasa (D:9)
  Erica (D:8)
  A two-headed ogre (D:9)
  A cyclops (D:9)
  Maggie (D:6)
  A hornet (D:8)
  7 yaks
  A steam dragon (D:7)
  Grum (D:8)
  2 ice beasts
  A sky beast (D:7)
  2 orc warriors
  4 wolves (D:8)
  2 ogres
  A centaur (D:9)
  A phantom (D:5)
  6 kobold brigands
  4 bullfrogs
  A gnoll sergeant (D:9)
  9 scorpions
  7 wights
  A jelly (D:6)
  7 orc priests
  4 gnoll boudas
  3 hounds
  Jessica (D:2)
  3 iguanas
  2 sleepcaps (D:7)
  10 orc wizards
  11 adders
  21 gnolls
  2 white imps
  A dart slug (D:1)
  A ribbon worm (D:2)
  37 orcs
  8 ball pythons
  2 endoplasms (D:1)
  3 giant cockroaches
  7 hobgoblins
  3 quokkas
  13 bats
  5 frilled lizards
  9 goblins
  25 kobolds
  3 rats
237 creatures vanquished.

Vanquished Creatures (others)
  An orc (D:7)
1 creature vanquished.

Grand Total: 238 creatures vanquished

Notes
Turn   | Place    | Note
-------+----------+-------------------------------------------
     0 | D:1      | qw the Djinni Hunter began the quest for the Orb.
     0 | D:1      | Reached XP level 1. HP: 18/18 MP: 0/0
     0 | D:1      | 0 ||| qw: Version: 0.3-a-132-g3d54051
     0 | D:1      | 0 ||| qw: Game counter: 617
     0 | D:1      | 0 ||| qw: Melee chars always use a shield: true
     0 | D:1      | 0 ||| qw: God list: Okawaru
     0 | D:1      | 0 ||| qw: Allow faded altars: false
     0 | D:1      | 0 ||| qw: Do Orc after clearing Dungeon:15 true
     0 | D:1      | 0 ||| qw: Do second Lair branch before Depths: true
     0 | D:1      | 0 ||| qw: Lair rune preference: random
     0 | D:1      | 0 ||| qw: Goals: Normal
     0 | D:1      | 0 ||| PLANNING D:1-11
     3 | D:1      | 3 ||| DROPPING scroll of butterflies.
    64 | D:1      | Reached XP level 2. HP: 23/23 MP: 0/0
   386 | D:1      | Reached XP level 3. HP: 28/28 MP: 0/0
   386 | D:1      | Learned a level 1 spell: Foxfire
   391 | D:1      | Reached skill level 4 in Ranged Weapons
   578 | D:1      | 578 ||| UPGRADING to +0 helmet.
   583 | D:1      | 583 ||| READING scroll labelled ALUPIO JOCU.
   684 | D:1      | 684 ||| READING 2 scrolls labelled WIR MAAPRAKH.
   684 | D:1      | 684 ||| BRANDING +0 shortbow.
   685 | D:1      | 685 ||| READING scroll of brand weapon.
   685 | D:1      | 685 ||| BRANDING +0 shortbow of draining.
   686 | D:1      | 686 ||| READING scroll labelled WEALYA XAAPOSM.
   686 | D:1      | 686 ||| ENCHANTING +0 helmet.
   687 | D:1      | 687 ||| READING scroll labelled YPEBUIROBU.
   955 | D:2      | Reached XP level 4. HP: 34/34 MP: 0/0
   959 | D:2      | Reached skill level 3 in Fighting
  1028 | D:2      | Found a faded altar of an unknown god.
  1225 | D:2      | Noticed Jessica
  1229 | D:2      | Killed Jessica
  1230 | D:2      | Reached skill level 3 in Dodging
  1302 | D:2      | 1302 ||| UPGRADING to +0 ring mail.
  1312 | D:2      | 1312 ||| DROPPING +0 leather armour.
  1313 | D:2      | 1313 ||| UPGRADING to ring of protection from fire.
  1314 | D:2      | 1314 ||| READING scroll labelled DURIAF YSUN.
  1314 | D:2      | 1314 ||| ENCHANTING +0 shortbow of freezing.
  1315 | D:2      | 1315 ||| READING scroll labelled TUDIAM UD TENAOLY.
  1316 | D:2      | 1316 ||| READING scroll labelled POAGOA IJ CUR.
  1316 | D:2      | 1316 ||| IDENTIFYING brown potion
  1317 | D:2      | 1317 ||| DRINKING 2 fizzy purple potions.
  1352 | D:3      | 1352 ||| READING scroll of enchant weapon.
  1352 | D:3      | 1352 ||| ENCHANTING +1 shortbow of freezing.
  1435 | D:3      | 1435 ||| READING scroll of brand weapon.
  1435 | D:3      | 1435 ||| BRANDING +2 shortbow of freezing.
  1455 | D:3      | Reached XP level 5. HP: 40/40 MP: 0/0
  1455 | D:3      | Learned a level 2 spell: Searing Ray
  1535 | D:3      | You are sucked into a shaft and drop 2 floors!
  1535 | D:5      | Entered Level 5 of the Dungeon
  1536 | D:5      | 1536 ||| FLEEEEING.
  1541 | D:5      | 1541 ||| STAIRDANCE
  1548 | D:4      | Reached skill level 1 in Armour
  1596 | D:4      | 1596 ||| DRINKING 2 bubbling white potions.
  1596 | D:4      | Gained mutation: You are dopey. (Int -2) [potion of
                  | mutation]
  1596 | D:4      | Gained mutation: You have hidden genetic defects. [potion
                  | of mutation]
  1597 | D:4      | 1597 ||| FLEEEEING.
  1603 | D:4      | 1603 ||| STAIRDANCE
  1606 | D:3      | 1606 ||| DRINKING potion of mutation.
  1606 | D:3      | Lost mutation: You are dopey. (Int -2) [potion of mutation]
  1606 | D:3      | Lost mutation: You have hidden genetic defects. [potion of
                  | mutation]
  1606 | D:3      | Gained mutation: You are agile. (Dex +4, Str/Int -1)
                  | [potion of mutation]
  1606 | D:3      | Gained mutation: Your skin changes colour to match your
                  | surroundings (Stealth+). [potion of mutation]
  1993 | D:3      | 1993 ||| READING scroll labelled SUUDEGG FUELAR.
  1994 | D:3      | 1994 ||| DRINKING 2 green potions.
  2004 | D:4      | 2004 ||| STAIRDANCE
  2010 | D:3      | Reached XP level 6. HP: 45/46 MP: 0/0
  2014 | D:4      | 2014 ||| STAIRDANCE
  2027 | D:4      | 2027 ||| STAIRDANCE
  2067 | D:4      | 2067 ||| STAIRDANCE
  2070 | D:3      | HP: 11/46 [orc/bolt of acid (13)]
  2071 | D:3      | 2071 ||| DRINKING potion of heal wounds.
  2074 | D:3      | 2074 ||| FLEEEEING.
  2135 | D:4      | 2135 ||| STAIRDANCE
  2137 | D:3      | 2137 ||| FLEEEEING.
  2212 | D:4      | 2212 ||| DRINKING potion of mutation.
  2212 | D:4      | Lost mutation: You are agile. (Dex +4, Str/Int -1) [potion
                  | of mutation]
  2212 | D:4      | Lost mutation: Your skin changes colour to match your
                  | surroundings (Stealth+). [potion of mutation]
  2212 | D:4      | Gained mutation: You are agile. (Dex +4, Str/Int -1)
                  | [potion of mutation]
  2304 | D:4      | Reached skill level 5 in Ranged Weapons
  2316 | D:4      | Reached XP level 7. HP: 47/52 MP: 0/0
  2316 | D:4      | Learned a level 3 spell: Teleport Other
  2494 | D:4      | 2494 ||| FLEEEEING.
  2495 | D:4      | 2495 ||| FLEEEEING.
  2496 | D:4      | 2496 ||| FLEEEEING.
  2503 | D:4      | 2503 ||| FLEEEEING.
  2504 | D:4      | 2504 ||| FLEEEEING.
  2505 | D:4      | 2505 ||| FLEEEEING.
  2514 | D:4      | 2514 ||| STAIRDANCE
  2544 | D:3      | 2544 ||| READING scroll labelled UCEOBU DEDYCO.
  2545 | D:3      | 2545 ||| DRINKING 2 glowing amethyst potions.
  2576 | D:4      | 2576 ||| DRINKING potion of mutation.
  2576 | D:4      | Lost mutation: You are agile. (Dex +4, Str/Int -1) [potion
                  | of mutation]
  2576 | D:4      | Gained mutation: You have a pair of small antennae on your
                  | head. [potion of mutation]
  2576 | D:4      | Gained mutation: You are partially covered in large bone
                  | plates. (SH +4) [potion of mutation]
  2621 | D:4      | Reached skill level 6 in Ranged Weapons
  2852 | D:4      | 2852 ||| DROPPING +1 helmet.
  2853 | D:4      | 2853 ||| READING scroll of identify.
  2853 | D:4      | 2853 ||| IDENTIFYING orange potion
  2854 | D:4      | 2854 ||| READING scroll labelled YCLOUG SOSI.
  2855 | D:4      | 2855 ||| DROPPING potion of invisibility.
  2906 | D:5      | Found a white marble altar of Elyvilon.
  2936 | D:5      | Reached XP level 8. HP: 46/58 MP: 0/0
  2936 | D:5      | 2936 ||| FLEEEEING.
  2979 | D:5      | Found a shadowy altar of Dithmenos.
  2991 | D:5      | Found an opulent altar of Gozag.
  3013 | D:5      | 3013 ||| DRINKING potion of curing.
  3013 | D:5      | 3013 ||| (to cure confusion)
  3022 | D:5      | 3022 ||| FLEEEEING.
  3029 | D:5      | Found a staircase to the Ecumenical Temple.
  3030 | D:5      | 3030 ||| PLANNING TEMPLE
  3033 | D:5      | 3033 ||| FLEEEEING.
  3038 | D:5      | 3038 ||| STAIRDANCE
  3077 | D:4      | 3077 ||| READING scroll labelled POSIRPH CEDYGGUTA.
  3078 | D:4      | 3078 ||| FLEEEEING.
  3138 | D:5      | 3138 ||| FLEEEEING.
  3139 | D:5      | 3139 ||| FLEEEEING.
  3141 | D:5      | 3141 ||| FLEEEEING.
  3180 | Temple   | Entered the Ecumenical Temple
  3181 | Temple   | 3181 ||| PLANNING OKAWARU WORSHIP
  3190 | Temple   | Became a worshipper of Warmaster Okawaru
  3191 | Temple   | 3191 ||| PLANNING D:1-11
  3496 | D:5      | Identified the +3 leather armour "Seygeiv" {Int+3 Slay+3}
  3557 | D:5      | Reached skill level 7 in Ranged Weapons
  3701 | D:5      | Found a stormy altar of Qazlal.
  3883 | D:5      | 3883 ||| UPGRADING to +3 leather armour "Seygeiv" {Int+3
                  | Slay+3}.
  3893 | D:5      | 3893 ||| DROPPING +0 ring mail.
  3938 | D:6      | 3938 ||| FLEEEEING.
  3941 | D:6      | 3941 ||| STAIRDANCE
  4004 | D:6      | Noticed Maggie
  4005 | D:6      | 4005 ||| DRINKING 3 potions of haste.
  4016 | D:6      | Killed Maggie
  4017 | D:6      | Reached skill level 6 in Fighting
  4091 | D:6      | Reached XP level 9. HP: 66/66 MP: 0/0
  4091 | D:6      | Learned a level 3 spell: Inner Flame
  4177 | D:6      | Reached * piety under Okawaru
  4178 | D:6      | 4178 ||| FLEEEEING.
  4179 | D:6      | 4179 ||| FLEEEEING.
  4183 | D:6      | 4183 ||| FLEEEEING.
  4184 | D:6      | 4184 ||| FLEEEEING.
  4185 | D:6      | 4185 ||| FLEEEEING.
  4190 | D:6      | 4190 ||| FLEEEEING.
  4191 | D:6      | 4191 ||| FLEEEEING.
  4192 | D:6      | 4192 ||| FLEEEEING.
  4194 | D:6      | 4194 ||| FLEEEEING.
  4197 | D:6      | 4197 ||| FLEEEEING.
  4198 | D:6      | 4198 ||| FLEEEEING.
  4199 | D:6      | 4199 ||| FLEEEEING.
  4200 | D:6      | 4200 ||| FLEEEEING.
  4201 | D:6      | 4201 ||| FLEEEEING.
  4202 | D:6      | 4202 ||| FLEEEEING.
  4203 | D:6      | 4203 ||| FLEEEEING.
  4204 | D:6      | 4204 ||| FLEEEEING.
  4205 | D:6      | 4205 ||| FLEEEEING.
  4206 | D:6      | 4206 ||| FLEEEEING.
  4207 | D:6      | 4207 ||| FLEEEEING.
  4208 | D:6      | 4208 ||| FLEEEEING.
  4210 | D:6      | 4210 ||| FLEEEEING.
  4211 | D:6      | 4211 ||| FLEEEEING.
  4212 | D:6      | 4212 ||| FLEEEEING.
  4213 | D:6      | 4213 ||| FLEEEEING.
  4214 | D:6      | 4214 ||| STAIRDANCE
  4244 | D:6      | 4244 ||| STAIRDANCE
  4374 | D:6      | 4374 ||| FLEEEEING.
  4618 | D:6      | 4618 ||| UPGRADING to +0 cloak.
  4623 | D:6      | 4623 ||| DRINKING 2 grey potions.
  4691 | D:7      | Reached skill level 1 in Invocations
  4698 | D:7      | Reached skill level 8 in Ranged Weapons
  4698 | D:7      | 4698 ||| FLEEEEING.
  4699 | D:7      | 4699 ||| FLEEEEING.
  4700 | D:7      | 4700 ||| FLEEEEING.
  4716 | D:7      | 4716 ||| FLEEEEING.
  4722 | D:7      | 4722 ||| STAIRDANCE
  4726 | D:6      | 4726 ||| STAIRDANCE
  4730 | D:5      | 4730 ||| FLEEEEING.
  4903 | D:7      | Reached skill level 3 in Invocations
  4976 | D:7      | Reached ** piety under Okawaru
  4977 | D:7      | Reached skill level 6 in Dodging
  4985 | D:7      | 4985 ||| SWAPPING to +0 orcbow.
  4986 | D:7      | 4986 ||| DROPPING +2 shortbow of draining.
  5102 | D:7      | Found a sacrificial altar of Ru.
  5210 | D:7      | 5210 ||| READING scroll labelled XETAOMPU JICS.
  5234 | D:8      | 5234 ||| FLEEEEING.
  5237 | D:8      | 5237 ||| STAIRDANCE
  5413 | D:8      | 5413 ||| FLEEEEING.
  5416 | D:8      | 5416 ||| FLEEEEING.
  5417 | D:8      | 5417 ||| FLEEEEING.
  5418 | D:8      | 5418 ||| STAIRDANCE
  5453 | D:8      | Reached XP level 10. HP: 72/72 MP: 0/0
  5515 | D:8      | 5515 ||| READING scroll of enchant weapon.
  5515 | D:8      | 5515 ||| ENCHANTING +0 orcbow.
  5535 | D:8      | 5535 ||| RETREEEEATING.
  5643 | D:8      | Noticed Erica
  5644 | D:8      | 5644 ||| DRINKING 2 potions of haste.
  5652 | D:8      | Killed Erica
  5653 | D:8      | Reached skill level 9 in Ranged Weapons
  5661 | D:8      | Reached *** piety under Okawaru
  5664 | D:8      | 5664 ||| FLEEEEING.
  5741 | D:8      | Noticed Grum
  5744 | D:8      | 5744 ||| RETREEEEATING.
  5745 | D:8      | 5745 ||| RETREEEEATING.
  5746 | D:8      | 5746 ||| RETREEEEATING.
  5747 | D:8      | 5747 ||| RETREEEEATING.
  5758 | D:8      | HP: 6/73 [Grum/+1 spear (14)]
  5762 | D:8      | Killed Grum
  5763 | D:8      | 5763 ||| FLEEEEING.
  6153 | D:8      | Identified the +0 pair of gloves of Distant Worlds {Rampage
                  | Str-2 Int+8}
  6540 | D:8      | 6540 ||| UPGRADING to +0 pair of gloves of Distant Worlds
                  | {Rampage Str-2 Int+8}.
  6545 | D:8      | 6545 ||| UPGRADING to ring of positive energy.
  6599 | D:9      | Noticed a cyclops
  6601 | D:9      | 6601 ||| FLEEEEING.
  6602 | D:9      | 6602 ||| FLEEEEING.
  6603 | D:9      | 6603 ||| STAIRDANCE
  6629 | D:9      | 6629 ||| STAIRDANCE
  6634 | D:9      | 6634 ||| STAIRDANCE
  6658 | D:9      | 6658 ||| DRINKING potion of haste.
  6666 | D:9      | Killed a cyclops
  6701 | D:9      | Reached **** piety under Okawaru
  6710 | D:9      | Reached skill level 10 in Ranged Weapons
  6731 | D:9      | Found a staircase to the Orcish Mines.
  6777 | D:9      | 6777 ||| RETREEEEATING.
  6779 | D:9      | 6779 ||| RETREEEEATING.
  6814 | D:9      | 6814 ||| FLEEEEING.
  6842 | D:9      | Noticed a two-headed ogre
  6843 | D:9      | 6843 ||| FLEEEEING.
  6993 | D:9      | 6993 ||| ZAPPING wand of acid (9) at 3,1 (two-headed ogre;
                  | floor).
  6994 | D:9      | 6994 ||| ZAPPING wand of acid (8) at 2,1 (two-headed ogre;
                  | floor).
  6995 | D:9      | 6995 ||| ZAPPING wand of acid (7) at 1,1 (two-headed ogre;
                  | floor).
  6996 | D:9      | 6996 ||| ZAPPING wand of acid (6) at 1,1 (two-headed ogre;
                  | floor).
  6997 | D:9      | 6997 ||| ZAPPING wand of acid (5) at 1,1 (two-headed ogre;
                  | floor).
  6997 | D:9      | Killed a two-headed ogre
  6998 | D:9      | Reached XP level 11. HP: 61/79 MP: 0/0
  6998 | D:9      | Learned a level 4 spell: Brom's Barrelling Boulder
  6998 | D:9      | 6998 ||| FLEEEEING.
  7129 | D:9      | Noticed a rakshasa
  7132 | D:9      | 7132 ||| ZAPPING wand of acid (4) at -5,0 (rakshasa;
                  | floor).
  7133 | D:9      | 7133 ||| ZAPPING wand of acid (3) at -4,0 (rakshasa;
                  | floor).
  7136 | D:9      | 7136 ||| ZAPPING wand of acid (2) at 0,-4 (rakshasa;
                  | floor).
  7137 | D:9      | 7137 ||| ZAPPING wand of acid (1) at 0,-3 (rakshasa;
                  | floor).
  7155 | D:9      | Killed a rakshasa
  7156 | D:9      | Reached skill level 6 in Invocations
  7156 | D:9      | 7156 ||| FLEEEEING.
  7159 | D:9      | 7159 ||| STAIRDANCE
  7312 | D:8      | 7312 ||| DRINKING 2 lumpy emerald potions.
  7376 | D:9      | 7376 ||| FLEEEEING.
  7411 | D:9      | 7411 ||| FLEEEEING.
  7596 | D:9      | Reached ***** piety under Okawaru
  7597 | D:9      | 7597 ||| FLEEEEING.
  7826 | D:9      | Found an ornate altar of the Wu Jian Council.
  8192 | D:9      | 8192 ||| DRINKING 2 red potions.
  8193 | D:9      | 8193 ||| DROPPING potion of brilliance.
  8207 | D:10     | Entered Level 10 of the Dungeon
  8248 | D:10     | 8248 ||| RETREEEEATING.
  8254 | D:10     | 8254 ||| RETREEEEATING.
  8261 | D:10     | 8261 ||| RETREEEEATING.
  8262 | D:10     | 8262 ||| RETREEEEATING.
  8263 | D:10     | 8263 ||| RETREEEEATING.
  8264 | D:10     | 8264 ||| RETREEEEATING.
  8278 | D:10     | HP: 12/81 [yak (13)]
  8283 | D:10     | 8283 ||| FLEEEEING.
  8566 | D:10     | 8566 ||| RETREEEEATING.
  8567 | D:10     | 8567 ||| RETREEEEATING.
  8567 | D:10     | Noticed an elephant
  8568 | D:10     | 8568 ||| RETREEEEATING.
  8569 | D:10     | 8569 ||| RETREEEEATING.
  8571 | D:10     | 8571 ||| RETREEEEATING.
  8572 | D:10     | 8572 ||| RETREEEEATING.
  8573 | D:10     | 8573 ||| RETREEEEATING.
  8576 | D:10     | 8576 ||| RETREEEEATING.
  8577 | D:10     | 8577 ||| RETREEEEATING.
  8578 | D:10     | 8578 ||| RETREEEEATING.
  8579 | D:10     | 8579 ||| RETREEEEATING.
  8580 | D:10     | 8580 ||| RETREEEEATING.
  8581 | D:10     | 8581 ||| RETREEEEATING.
  8582 | D:10     | 8582 ||| RETREEEEATING.
  8583 | D:10     | 8583 ||| RETREEEEATING.
  8584 | D:10     | 8584 ||| RETREEEEATING.
  8592 | D:10     | 8592 ||| FLEEEEING.
  8592 | D:10     | HP: 16/81 [something (9)]
  8593 | D:10     | 8593 ||| FLEEEEING.
  8594 | D:10     | 8594 ||| FLEEEEING.
  8595 | D:10     | 8595 ||| FLEEEEING.
  8596 | D:10     | 8596 ||| FLEEEEING.
  8597 | D:10     | 8597 ||| FLEEEEING.
  8597 | D:10     | HP: 9/81 [something (9)]
  8598 | D:10     | 8598 ||| FLEEEEING.
  8599 | D:10     | 8599 ||| FLEEEEING.
  8600 | D:10     | 8600 ||| FLEEEEING.
  8601 | D:10     | 8601 ||| FLEEEEING.
  8602 | D:10     | 8602 ||| FLEEEEING.
  8602 | D:10     | HP: 2/81 [something (5)]
  8603 | D:10     | 8603 ||| FLEEEEING.
  8609 | D:10     | 8609 ||| FLEEEEING.
  8610 | D:10     | 8610 ||| FLEEEEING.
  8613 | D:10     | 8613 ||| STAIRDANCE
  8615 | D:9      | Slain by an unseen horror

Levels and vault maps discovered:
D:1:      minmay_arrival_glassed_features, layout_basic, minmay_pentomino_p2
D:2:      layout_loops_ring, basic_ecumenical_altar, grunt_decor_resistance,
          uniq_jessica
D:3:      layout_basic
D:4:      old_forge, layout_basic, minmay_fractal_squares_diagonal_5
D:5:      layout_basic, grunt_qazlal_clouds, grunt_gozag_statues,
          mainiacjoe_overflow_catwalk_spiral, minmay_temple_entry_purple_smoke,
          patterned_corridor
D:6:      layout_rooms, st_stairs_3, uniq_maggie
D:7:      layout_cave_pools, nicolae_overflow_crystal_walls
D:8:      layout_basic, item_on_display_a, uniq_grum, uniq_erica
D:9:      layout_irregular_city, mainiacjoe_overflow_brackets, erik_orc_3
D:10:     layout_roguey, grunt_lair_entry_orc_guard_hut,
          chequers_serial_rivers_micro_c
Temple:   eino_temple_scatter_basement

Skill      XL: |  1  2  3  4  5  6  7  8  9 10 11 |
---------------+----------------------------------+-----
Ranged Weapons | 4 5 6 7 8 10 | 10.1
Fighting       | 3 4 6 7 8 |  8.0
Dodging        | 3 4 6 7 8 |  8.0
Armour         | 1 2 |  2.1
Invocations    | 4 5 7 |  7.0
Stealth        | |  0.7

Action                     |  1- 3 |  4- 6 |  7- 9 | 10-12 || total
---------------------------+-------+-------+-------+-------++-------
   Fire: Shortbow          |   111 |   102 |   288 |       ||   501
         Orcbow            |       |       |    36 |   289 ||   325
  Evoke: Wand              |       |       |       |     9 ||     9
    Use: Scroll            |     5 |     6 |     5 |     1 ||    17
         Potion            |       |     6 |     5 |     4 ||    15
 Armour: Leather armour    |    21 |     2 |    32 |   133 ||   188
         Ring mail         |       |    34 |    55 |       ||    89
  Dodge: Dodged            |    28 |    38 |    82 |   155 ||   303
  Block: Other             |       |       |    13 |    34 ||    47

Table legend:
 A = Non-vault XP
 B = Vault XP
 C = Vault XP percentage of total XP
 D = Non-vault monster count
 E = Vault monster count
 F = Vault count percentage of total count
                 A         B        C        D         E       F
            +---------+---------+-------+---------+---------+-------
      Total |    7232 |    4128 |  36.3 |     184 |      53 |  22.4
            +---------+---------+-------+---------+---------+-------
        D:1 |      42 |       1 |   2.3 |      27 |       1 |   3.6
        D:2 |      52 |      37 |  41.6 |      18 |       1 |   5.3
        D:3 |      14 |      84 |  85.7 |      10 |       3 |  23.1
        D:4 |     200 |     570 |  74.0 |      14 |      18 |  56.2
        D:5 |     539 |       0 |   0.0 |      15 |       0 |   0.0
        D:6 |     524 |     490 |  48.3 |      13 |       3 |  18.8
        D:7 |    1030 |       0 |   0.0 |      25 |       0 |   0.0
        D:8 |     923 |    1528 |  62.3 |      32 |       8 |  20.0
        D:9 |    3108 |    1234 |  28.4 |      26 |      17 |  39.5
       D:10 |     800 |     184 |  18.7 |       4 |       2 |  33.3
            +---------+---------+-------+---------+---------+-------
